 Dungeon Crawl Stone Soup version 0.30-a0-263-ge22c4ad894 (webtiles) character file.

Game seed: 14094208122234252046

37 Iusername the Trooper (level 3, -2/38 HPs)
             Began as a Minotaur Wanderer on Oct 13, 2022.
             Slain by Sigmund
             ... wielding a +3 scythe of venom
              (10 damage)
             ... on level 2 of the Dungeon.
             The game lasted 00:00:51 (830 turns).

Iusername the Trooper (Minotaur Wanderer)            Turns: 830, Time: 00:00:52

Health: -2/38      AC:  4    Str: 15 (18) XL:     3   Next: 21%
Magic:  2/2        EV: 11    Int:  6 (9)  God:
Gold:   81         SH:  0    Dex:  6 (9)  Spells: 2/2 levels left

rFire   . . .      SeeInvis .    a - +3 quarterstaff
rCold   . . .      Faith    .    (shield currently unavailable)
rNeg    . . .      Spirit   .    d - +0 leather armour
rPois   .          Reflect  .    (helmet restricted)
rElec   .          Harm     .    (no cloak)
rCorr   .          Rampage  .    (no gloves)
Will    .....                    b - +0 pair of boots
Stlth   +.........               (no amulet)
HPRegen 0.26/turn                (no ring)
MPRegen 0.08/turn                (no ring)

@: lethally poisoned (-2 -> -9)
A: horns 2, retaliatory headbutt
a: no special abilities


You were on level 2 of the Dungeon.
You visited 1 branch of the dungeon, and saw 2 of its levels.

You collected 81 gold pieces.

Inventory:

Hand Weapons
 a - a +3 quarterstaff (weapon)
Armour
 b - a +0 pair of boots (worn)
 d - a +0 leather armour (worn)
Jewellery
 g - a +4 ring of slaying
 h - an amulet of faith
Scrolls
 c - a scroll of silence
 i - 2 scrolls of teleportation {unknown}
Potions
 e - a potion of haste {unknown}
 f - 2 potions of degeneration
 j - 2 potions of attraction {unknown}
 k - a potion of ambrosia {unknown}
 l - a potion of lignification {unknown}


   Skills:
 + Level 6.3 Fighting
 + Level 3.1 Staves
 + Level 2.1 Armour
 + Level 2.7 Dodging


You had 2 spell levels left.
You didn't know any spells.
Your spell library was empty.

Dungeon Overview and Level Annotations

Branches:
Dungeon (2/15)

Altars:

Annotations:
D:2 Sigmund


Innate Abilities, Weirdness & Mutations

You have a pair of horns on your head.
You reflexively headbutt those who attack you in melee.


Message History

Sigmund the Dreaded comes into view.
He is wielding a +3 scythe of venom.
Sigmund shouts!
An endoplasm comes into view.
Sigmund moves out of view.
No reachable target in view!
An endoplasm is nearby!
No reachable target in view!
An endoplasm is nearby!
An endoplasm is nearby!
An endoplasm is nearby!
No reachable target in view!
An endoplasm is nearby!
No reachable target in view!
The endoplasm quivers.
Sigmund gestures at you while chanting. The puff of flame misses you.
Sigmund hits you from afar with a +3 scythe of venom.
You are poisoned.
You feel very sick.
You feel very sick.
Sigmund hits you with a +3 scythe of venom!
You are more poisoned.
You hit Sigmund but do no damage.
You feel very sick. Sigmund barely misses you.
You hit Sigmund.
Sigmund is moderately wounded.
You feel very sick. Sigmund closely misses you.
You sock Sigmund!
Sigmund is severely wounded.
* * * LOW HITPOINT WARNING * * *
You feel very sick.
It was a potion of degeneration.
There was something very wrong with that liquid.
You feel weakened.
You feel dopey.
You feel clumsy.
* * * LOW HITPOINT WARNING * * *
You feel sick.
Sigmund hits you with a +3 scythe of venom!
You die...

. #.# #.# ..##.#### #.#
.>......####.#
...#.##....#.#
##.#.#####.#.#### #....#
#.#....##### ###..#
#.#.##.....####.
#..####.#.............
####....##.†.#..@).....#.
.....##......###@###.###
......####...# .J.. ..
......+ #...#P#.#P# P#
......# #...#..P.... #
......# #...# #.# #.#
####### #...#


.PP .P #...# #.# ## ##..# You could see Sigmund and an endoplasm.

Vanquished Creatures
  A dart slug (D:1)
  4 endoplasms
  A giant cockroach (D:1)
  A goblin (D:1)
  3 hobgoblins (D:1)
  3 quokkas
  4 ball pythons (D:1)
  3 bats (D:1)
  3 frilled lizards
  6 kobolds (D:1)
  3 rats
32 creatures vanquished.

Notes
Turn   | Place    | Note
-------+----------+-------------------------------------------
     0 | D:1      | Iusername the Minotaur Wanderer began the quest for the
                  | Orb.
     0 | D:1      | Iusername set off with the following items: a +3
                  | quarterstaff, a +0 pair of boots, a scroll of silence, a +0
                  | leather armour.
     0 | D:1      | Reached XP level 1. HP: 24/24 MP: 0/0
   208 | D:1      | Reached XP level 2. HP: 27/30 MP: 1/1
   516 | D:1      | Reached XP level 3. HP: 37/37 MP: 2/2
   818 | D:2      | Noticed Sigmund
   830 | D:2      | Slain by Sigmund

Illustrated notes

Levels and vault maps discovered:
D:1:      reono_arrival_forest_river, layout_loops_ring
D:2:      layout_basic, shapermc_ecumenical_altar_mp_urbaneastern, uniq_jessica,
          uniq_sigmund, uniq_robin

Skill      XL: |  1  2 |
---------------+-------+-----
Armour         | 2 |  2.1
Staves         | 3 |  3.1
Fighting       | |  6.3
Dodging        | |  2.7

Action                   || total
-------------------------++-------
Melee: Quarterstaff      ||    52
       Headbutt          ||    10
  Use: Potion            ||     1
Armor: Leather armour    ||    14
Dodge: Dodged            ||    34

Table legend: (Time is in decaauts)
 A = Elapsed time spent in this place.
 B = Non-inter-level travel time spent in this place.
 C = Inter-level travel time spent in this place.
 D = Time resting spent in this place.
 E = Time spent auto-exploring this place.
 F = Levels seen in this place.
 G = Mean time per level.
                   A        B        C        D        E       F      G
               +--------+--------+--------+--------+--------+-----+--------+
         Total |    841 |    819 |     22 |      0 |    654 |   2 |  420.5 |
       Dungeon |    841 |    819 |     22 |      0 |    654 |   2 |  420.5 |
               +--------+--------+--------+--------+--------+-----+--------+

Top non-repeatable levels by time:
     D:1: 770 daAuts
     D:2: 71 daAuts
